 Dungeon Crawl Stone Soup version 0.25-a0-435-g4b9beb1024 (webtiles) character file.

Game seed: 14928545443586104527, levelgen mode: deterministic

46 Nattfarinn the Caller (level 3, 0/26 HPs)
             Began as a Barachi Summoner on Jan 29, 2020.
             Succumbed to an adder's poison
             ... on level 2 of the Dungeon.
             The game lasted 00:03:45 (2200 turns).

Nattfarinn the Caller (Barachi Summoner)            Turns: 2200, Time: 00:03:45

Health: 0/26       AC:  2    Str:  8 (9)  XL:     3   Next: 68%
Magic:  5/6        EV: 12    Int: 15 (16) God:
Gold:   83         SH:  0    Dex: 11 (12) Spells: 1/7 levels left

rFire    + . .     SeeInvis .   k - +1 dagger (drain)
rCold    + . .     Gourm    .   (no shield)
rNeg     . . .     Faith    .   a - +0 robe
rPois    +         Spirit   .   (no helmet)
rElec    +         Reflect  .   (no cloak)
rCorr    +         Harm     .   (no gloves)
MR       +....                  (no boots)
Stlth    ++........             (no amulet)
HPRegen  0.08/turn              (no ring)
MPRegen  0.10/turn              (no ring)

@: lethally poisoned (0 -> -1), resistant, lightly drained, slow
A: +LOS, swims, fangs 1, magic resistance 1, slowness 1, inhibited regeneration,
strong legs 1
a: Hop


You were on level 2 of the Dungeon.
You were hungry.

You visited 1 branch of the dungeon, and saw 2 of its levels.

You collected 83 gold pieces.

Inventory:

Hand Weapons
 g - a +0 dagger
 k - a +1 dagger of draining (weapon)
Armour
 a - a +0 robe (worn)
Jewellery
 h - an uncursed ring of protection from magic {unknown}
Scrolls
 b - a scroll of noise {unknown}
 d - 3 scrolls of immolation {unknown}
 e - a scroll of magic mapping {unknown}
 i - 3 scrolls of identify {unknown}
Comestibles
 c - 3 rations


   Skills:
 * Level 1.6(1.4) Fighting
 * Level 1.8(1.5) Armour
 + Level 2.4(2.2) Dodging
 - Level 1.7(1.5) Stealth
 + Level 2.5(2.2) Spellcasting
 * Level 5.2(4.9) Summonings


You had one spell level left.
You knew the following spells:

 Your Spells              Type           Power        Failure   Level  Hunger
a - Summon Small Mammal   Summ           ###.         2%          1    #......
b - Call Imp              Summ           ###.....     4%          2    ###....
c - Call Canine Familiar  Summ           ###.....     9%          3    ###....

Your spell library contained the following spells:

 Spells                   Type           Power        Failure   Level  Hunger
 Summon Guardian Golem    Hex/Summ       #.......     24%         3    ###....
 Summon Ice Beast         Ice/Summ       #.......     61%         4    #####..
 Summon Lightning Spire   Summ/Air       #.......     61%         4    #####..


Dungeon Overview and Level Annotations

Branches:
Dungeon (2/15)

Altars:
Sif Muna


Innate Abilities, Weirdness & Mutations

You can be seen from farther away. (+LOS)
You can swim through water.
You cover ground slowly.
You can hop short distances.
You have very sharp teeth.
You are resistant to hostile enchantments. (MR+)
You do not regenerate when monsters are visible.


Message History

* * * LOW HITPOINT WARNING * * *
You feel sick.
* * * LOW HITPOINT WARNING * * *
You feel sick.
* * * LOW HITPOINT WARNING * * *
You feel sick.
* * * LOW HITPOINT WARNING * * *
You feel sick.
* * * LOW HITPOINT WARNING * * *
You feel sick.
* * * LOW HITPOINT WARNING * * *
You feel sick.
* * * LOW HITPOINT WARNING * * *
You feel sick.
* * * LOW HITPOINT WARNING * * *
You feel sick.
Your bat disappears in a puff of smoke!
* * * LOW HITPOINT WARNING * * *
You feel sick.
You die...

########
#...##.##
#.......
#..>....
#...##.#
#...##.#
#....#.# ###
#......#####.#
#@.###.......#
#######h.#
#..####.#
#.......## ##.#
#.# #.......#
#.# #.#
#........#
..####.##
##.####.#..
#.##....# #
#.##.##.##....#
#..#.#..##....#
#.. #...##....#


You could see a friendly hound.

Vanquished Creatures
  An adder (D:2)
  A dart slug (D:1)
  A hobgoblin (D:1)
  A jackal (D:1)
  A ball python (D:2)
  4 bats
  3 frilled lizards (D:1)
  6 goblins
  2 kobolds
  2 rats
22 creatures vanquished.

Vanquished Creatures (collateral kills)
  An adder (D:2)
  A goblin (D:1)
  2 hobgoblins (D:1)
  A jackal (D:1)
  A ball python (D:1)
  2 bats (D:1)
  2 rats (D:1)
10 creatures vanquished.

Grand Total: 32 creatures vanquished

Notes
Turn   | Place    | Note
-------+----------+-------------------------------------------
     0 | D:1      | Nattfarinn the Barachi Summoner began the quest for the
                  | Orb.
     0 | D:1      | Reached XP level 1. HP: 13/13 MP: 3/3
   229 | D:1      | Gained mutation: You do not regenerate when monsters are
                  | visible. [potion of mutation]
   229 | D:1      | Gained mutation: You are resistant to hostile enchantments.
                  | (MR+) [potion of mutation]
   229 | D:1      | Gained mutation: You have very sharp teeth. [potion of
                  | mutation]
   231 | D:1      | Reached XP level 2. HP: 2/20 MP: 1/5
   659 | D:1      | Reached skill level 5 in Summonings
   991 | D:1      | Reached skill level 1 in Fighting
  1196 | D:1      | Reached skill level 1 in Armour
  1772 | D:1      | Reached XP level 3. HP: 26/26 MP: 6/6
  1776 | D:1      | Learned a level 2 spell: Call Imp
  1780 | D:1      | Learned a level 3 spell: Call Canine Familiar
  1844 | D:2      | Found a shimmering blue altar of Sif Muna.
  2164 | D:2      | HP: 1/26 [adder (2)]
  2192 | D:2      | HP: 1/26 [poisoned by an adder]
  2200 | D:2      | Succumbed to an adder's poison

Levels and vault maps discovered:
D:1:      grunt_arrival_lava_bath, layout_basic
D:2:      layout_basic, old_standard_altar, marbit_many_paths, minmay_ruptured

Skill      XL: |  1  2 |
---------------+-------+-----
Summonings     | 5 |  5.2
Fighting       | 1 |  1.6
Armour         | 1 |  1.8
Dodging        | |  2.4
Stealth        | |  1.7
Spellcasting   | |  2.5

Action                   || total
-------------------------++-------
Melee: Dagger            ||   121
       Unarmed           ||     2
       Bite              ||     5
 Cast: Summon Small Mamm ||    11
       Call Canine Famil ||     1
  Use: Potion            ||     5
 Stab: Sleeping          ||     2
       Distracted        ||     1
  Eat: Chunk             ||     4
Armor: Robe              ||    36
       Skin              ||     4
Dodge: Dodged            ||   110

Table legend:
 A = Non-vault XP
 B = Vault XP
 C = Vault XP percentage of total XP
 D = Non-vault monster count
 E = Vault monster count
 F = Vault count percentage of total count
                 A         B        C        D         E       F
            +---------+---------+-------+---------+---------+-------
      Total |      63 |       4 |   6.0 |      30 |       2 |   6.2
            +---------+---------+-------+---------+---------+-------
        D:1 |      34 |       0 |   0.0 |      24 |       0 |   0.0
        D:2 |      29 |       4 |  12.1 |       6 |       2 |  25.0
            +---------+---------+-------+---------+---------+-------
